 Dungeon Crawl Stone Soup version 0.23.2-11-gf996548c65 (webtiles) character file.

Game seed: 6609419520895978635

1506 MalarOregon the Ruffian (level 8, -1/67 (68) HPs)
             Began as a Ghoul Warper on June 4, 2019.
             Killed by divine providence
             ... invoked by an orc priest
              (14 damage)
             ... on level 6 of the Dungeon.
             The game lasted 00:07:02 (4641 turns).

MalarOregon the Ruffian (Ghoul Warper)              Turns: 4641, Time: 00:07:03

HP:   -1/67 (68)    AC: 19    Str: 15    XL:     8   Next: 82%
MP:   12/12         EV: 10    Int:  9    God:
Gold: 624           SH:  0    Dex:  9    Spells: 14/14 levels left

rFire    . . .     SeeInvis .     - Unarmed
rCold    + . .     Gourm    .   (no shield)
rNeg     + + +     Faith    .   b - +1 pearl dragon scales
rPois    ∞         Spirit   .   z - +0 helmet
rElec    .         Reflect  .   (no cloak)
rCorr    .         Harm     .   (no gloves)
MR       +....                  (no boots)
Stlth    ..........             (no amulet)
HPRegen  0.00/turn              j - +6 ring of protection
MPRegen  0.13/turn              l - ring of protection from magic

@: about to teleport, rotting
A: rotting body, claws 1, carnivore, cold resistance 1, negative energy
resistance 3, inhibited regeneration, torment resistance, unbreathing
a: no special abilities


You were on level 6 of the Dungeon.
You were very hungry.

You visited 1 branch of the dungeon, and saw 6 of its levels.
You also visited: Ossuary.

You collected 624 gold pieces.

Inventory:

Missiles
 d - 5 tomahawks of dispersal (quivered) {!f}
 f - 20 tomahawks
 F - 5 steel tomahawks
Armour
 b - +1 pearl dragon scales (worn)
   (You found it on level 1 of the Dungeon)
 z - a +0 helmet (worn)
   (You found it on level 4 of the Dungeon)
Jewellery
 j - a +6 ring of protection (left claw)
   (You found it on level 1 of the Dungeon)
 l - a ring of protection from magic (right claw)
   (You found it on level 1 of the Dungeon)
 s - an uncursed ring of see invisible {unknown}
   (You found it on level 5 of the Dungeon)
Wands
 u - a wand of paralysis (5)
   (You found it on level 6 of the Dungeon)
Scrolls
 c - a scroll of blinking
 h - 4 scrolls of remove curse {@r2}
 k - 6 scrolls of identify {@r1}
 n - 2 scrolls of fear {unknown}
 q - a scroll of random uselessness
 r - 6 scrolls of amnesia {unknown}
 t - 4 scrolls of magic mapping {unknown}
 v - a scroll of fog
 G - a scroll of teleportation {@r4}
Potions
 a - a potion of heal wounds {unknown}
 g - 2 potions of haste {unknown}
 i - 4 potions of agility {unknown}
 m - 2 potions of curing {unknown}
 o - 7 potions of brilliance {unknown}
 p - 2 potions of flight {unknown}
 w - a potion of berserk rage {unknown}
 x - a potion of ambrosia {unknown}
 A - 3 potions of lignification {unknown}
 B - a potion of cancellation
 C - 2 potions of mutation {unknown}
 D - 3 potions of degeneration {unknown}
Comestibles
 e - 10 rations {!d}
 E - 6 chunks of flesh


   Skills:
 + Level 5.0 Fighting
 - Level 0.8 Throwing
 + Level 4.0 Armour
 + Level 4.3 Dodging
 * Level 7.1 Unarmed Combat
 + Level 3.8 Spellcasting
   Level 2.6 Translocations


You had 14 spell levels left.
You didn't know any spells.
Your spell library contained the following spells:

 Spells                   Type           Power        Failure   Level  Hunger
 Blink                    Tloc           N/A          56%         2    ###....
 Shroud of Golubria       Chrm/Tloc      #.........   75%         2    ###....
 Magic Dart               Conj           #...         80%         1    #......
 Gell's Gravitas          Tloc           #.........   80%         3    ###....
 Lesser Beckoning         Tloc           #.........   80%         3    ###....
 Teleport Other           Tloc           #.......     80%         3    ###....
 Call Imp                 Summ           #.......     90%         2    ###....
 Slow                     Hex            #.......     90%         2    ###....
 Conjure Flame            Conj/Fire      #.......     99%         3    ###....
 Mephitic Cloud           Conj/Pois/Air  #.......     99%         3    ###....
 Passage of Golubria      Tloc           N/A          99%         4    #####..


Dungeon Overview and Level Annotations

Branches:
Dungeon (6/15)
 Temple: D:4-7

Altars:
Fedhas
Zin
The Shining One

Shops:
D:6 *


Innate Abilities, Weirdness & Mutations

Your body is rotting away.
You thrive on raw meat.
You are immune to poison.
You have sharp fingernails.
You are carnivorous and can eat meat at any time.
Your flesh is cold resistant. (rC+)
You are immune to negative energy. (rN+++)
You do not regenerate when monsters are visible.
You are immune to unholy pain and torment.
You can survive without breathing.


Message History

A hound comes into view.
Your pearl dragon scales prevents you from hitting the orc wizard.
The orc priest mumbles some strange prayers to Beogh against you.
Beogh smites you!
* * * LOW HITPOINT WARNING * * *
The orc hits you but does no damage. The orc wizard casts a spell at you.
The puff of flame hits you but does no damage.
The orc hits you but does no damage.
You are too injured to fight recklessly!
As you read the scroll labeled DIPPUU BEPIEPPAEC, it crumbles to dust.
Your claws glow pulsating red for a moment.
It was a scroll of random uselessness.
The orc wizard hits you but does no damage.
The orc closely misses you. The orc barely misses you.
As you read the scroll labeled FETUEH EFUSARR, it crumbles to dust.
It is a scroll of identify.
B - a potion of cancellation The orc wizard gestures at you while chanting.
The magic dart hits you!
* * * LOW HITPOINT WARNING * * *
The orc misses you. The orc barely misses you.
As you read the scroll labeled TAPNUENYOTO, it crumbles to dust.
It is a scroll of enchant armour.
Your +0 pearl dragon scales glow green for a moment.
The orc wizard closely misses you. The orc hits you but does no damage.
Some of the chunks of flesh in your inventory have rotted away.
Put on which piece of jewellery? (? for menu, Esc to quit)
Okay, then.
As you read the scroll labeled YCLER KYOSHOTTOTEM, it crumbles to dust.
You hear a loud clanging noise!
It was a scroll of noise.
You hear a croak.
You hear a shout! x2; You hear an angry hiss.
The orc closely misses you.
The orc priest calls upon Beogh to heal the orc wizard.
The orc wizard is healed somewhat.
The orc wizard completely misses you. The orc closely misses you.
As you read the scroll labeled HIASYG YMEA, it crumbles to dust.
You feel strangely unstable.
It was a scroll of teleportation.
You feel your flesh rotting away. The orc hits you but does no damage. x2
The orc wizard hits you but does no damage.
The orc hits you but does no damage.
Unknown command.
As you read the scroll labeled HIRHYM YNKUZONESM, it crumbles to dust.
You feel as if something is helping you.
It was a scroll of remove curse.
The orc priest invokes the aid of Beogh against you.
Beogh smites you!
You die... .. ... ....# .∩ ..###....# ...........# .#........# .........# ho.......

#oo...... ##@o......
########## ##..o......
.........#####.(...####.
.......>.........###
................##
..............###
.............##
............<#
..######.....##


You could see a hound, an orc priest, an orc wizard and 3 orcs.

Vanquished Creatures
  A sky beast (D:6)
  An ogre (D:4)
  2 centaurs
  3 bullfrogs (D:6)
  An elf skeleton (D:5)
  A scorpion (D:6)
  2 human zombies (D:5)
  2 orc priests (D:4)
  A jelly (D:5)
  A hound (D:5)
  7 orc wizards
  An iguana (D:4)
  4 human skeletons (D:5)
  2 worker ants
  2 big kobold zombies (Ossuary)
  A hound zombie (D:5)
  8 mummies (Ossuary)
  A howler monkey zombie (D:6)
  A worker ant zombie (D:5)
  5 adders
  3 oozes
  An adder skeleton (D:5)
  5 dart slugs
  A worm (D:3)
  2 leopard geckos
  14 orcs
  2 giant cockroaches
  4 goblins
  6 hobgoblins
  7 jackals
  2 quokkas
  A ball python (D:3)
  7 bats
  3 frilled lizards
  A hobgoblin zombie (Ossuary)
  6 kobolds
  2 kobold zombies (Ossuary)
  2 orc skeletons (D:5)
  5 orc zombies
  8 rats
129 creatures vanquished.

Notes
Turn   | Place    | Note
-------+----------+-------------------------------------------
     0 | D:1      | MalarOregon the Ghoul Warper began the quest for the Orb.
     0 | D:1      | Reached XP level 1. HP: 17/17 MP: 2/2
    24 | D:1      | Reached skill level 1 in Armour
   281 | D:1      | Reached XP level 2. HP: 20/24 MP: 3/3
   708 | D:1      | Reached XP level 3. HP: 25/30 MP: 3/5
   822 | D:1      | Reached skill level 3 in Unarmed Combat
  1302 | D:2      | Reached XP level 4. HP: 30/36 MP: 6/6
  2155 | D:3      | Reached XP level 5. HP: 43/45 MP: 7/7
  2322 | D:4      | Reached skill level 4 in Unarmed Combat
  2353 | D:4      | Reached XP level 6. HP: 36/51 MP: 8/8
  2611 | D:4      | Found a blossoming altar of Fedhas.
  2731 | D:4      | Reached XP level 7. HP: 58/58 MP: 10/10
  2799 | D:4      | Reached skill level 5 in Unarmed Combat
  3255 | D:5      | Entered Level 5 of the Dungeon
  3412 | D:5      | Found a sand-covered staircase.
  3432 | Ossuary  | Entered an ossuary
  3899 | D:5      | Reached XP level 8. HP: 59/66 MP: 11/11
  3915 | D:5      | Reached skill level 6 in Unarmed Combat
  4044 | D:5      | Found a glowing golden altar of the Shining One.
  4532 | D:6      | Found a glowing silver altar of Zin.
  4560 | D:6      | Reached skill level 5 in Fighting
  4560 | D:6      | Reached skill level 7 in Unarmed Combat
  4632 | D:6      | Found Huamaad's Elemental Accessories.
  4641 | D:6      | Killed from afar by an orc priest

Skill      XL: |  1  2  3  4  5  6  7  8 |
---------------+-------------------------+-----
Armour         | 1 2 3 4 |  4.0
Dodging        | 2 3 4 |  4.3
Spellcasting   | 2 3 |  3.8
Unarmed Combat | 3 4 5 7 |  7.1
Fighting       | 3 4 5 |  5.0
Throwing       | |  0.8
Translocations | |  2.6

Action                   |  1- 3 |  4- 6 |  7- 9 || total
-------------------------+-------+-------+-------++-------
Melee: Unarmed           |   158 |   241 |   345 ||   744
       Punch             |       |     6 |     7 ||    13
  Use: Scroll            |       |       |     7 ||     7
  Eat: Chunk             |     1 |     7 |     4 ||    12
Armor: Leather armour    |     5 |       |       ||     5
       Pearl dragon scal |    83 |   123 |   174 ||   380
Dodge: Dodged            |    95 |   102 |   151 ||   348
